TOP OF THE 1ST |
Delmarva Shorebirds batting - Pitching for Lansing Lugnuts : LHP Jon Valdovinos
|
Pitching: LHP Jon Valdovinos
|
|
Batting: RHB Josh Hopp
|
0-0: Ball 1-0: Reached on error, E1 (Groundball, 13S, EV 43.8 MPH)
|
Batting: LHB Sam Williams
|
0-0: Ball 1-0: Called Strike 1-1: DOUBLE (Flyball, 78D, EV 110.0 MPH) Josh Hopp scores
|
Batting: SHB Carlos Carrillo
|
0-0: Called Strike 0-1: Foul Ball, location: 2F 0-2: Ball 1-2: Foul Ball, location: 2F 1-2: Ball 2-2: Strikes out swinging
|
Batting: RHB Matthew Neal
|
0-0: Ball 1-0: Ball 2-0: Called Strike 2-1: SINGLE (Flyball, 9S, EV 92.5 MPH) Sam Williams to third
|
Batting: RHB Carlos Teniente
|
0-0: Foul Ball, location: 2F 0-1: Fielders Choice at 2nd, 6-4 (Groundball, 6, EV 86.9 MPH) Sam Williams scores
|
Batting: LHB Vinny Rivera
|
0-0: Called Strike 0-1: Foul Ball, location: 2F 0-2: Ball 1-2: Strikes out swinging
|
Top of the 1st over - 2 runs, 2 hits, 1 error, 1 left on base; Delmarva 2 - Lansing 0 |
BOTTOM OF THE 1ST |
Lansing Lugnuts batting - Pitching for Delmarva Shorebirds : RHP Rod Najera
|
Pitching: RHP Rod Najera
|
|
Batting: LHB Danny Bailey
|
0-0: Ball 1-0: Called Strike 1-1: Ball 2-1: Called Strike 2-2: Ground out 4-3 (Groundball, 4, EV 103.8 MPH)
|
Batting: RHB Dylan Phillips
|
0-0: Ball 1-0: Ball 2-0: Fly out, F9 (Flyball, 9LS, EV 87.5 MPH)
|
Batting: RHB James Boynton
|
0-0: Ball 1-0: SINGLE (Line Drive, 89S, EV 102.5 MPH)
|
Batting: LHB Marc Carter
|
0-0: Called Strike 0-1: Ground out U3 (Groundball, 3L, EV 103.1 MPH)
|
Bottom of the 1st over - 0 runs, 1 hit, 0 errors, 1 left on base; Delmarva 2 - Lansing 0 |
TOP OF THE 2ND |
Delmarva Shorebirds batting - Pitching for Lansing Lugnuts : LHP Jon Valdovinos
|
Batting: RHB Ruben Domingues
|
0-0: Ball 1-0: Swinging Strike 1-1: Swinging Strike 1-2: Strikes out swinging
|
Batting: RHB Juan Eyrich
|
0-0: Called Strike 0-1: Swinging Strike 0-2: Foul Ball, location: 2F 0-2: Strikes out swinging
|
Batting: LHB Antonio Gutierrez
|
0-0: Swinging Strike 0-1: Ball 1-1: Swinging Strike 1-2: Strikes out swinging
|
Top of the 2nd over - 0 runs, 0 hits, 0 errors, 0 left on base; Delmarva 2 - Lansing 0 |
BOTTOM OF THE 2ND |
Lansing Lugnuts batting - Pitching for Delmarva Shorebirds : RHP Rod Najera
|
Batting: RHB Freddy Quintero
|
0-0: Called Strike 0-1: Ball 1-1: Called Strike 1-2: Ball 2-2: Fly out, F8 (Line Drive, 8LM, EV 100.0 MPH)
|
Batting: RHB Butch Koglin
|
0-0: Ball 1-0: Swinging Strike 1-1: Called Strike 1-2: Ball 2-2: Ball 3-2: Strikes out swinging, 2-3 out at first.
|
Batting: RHB Elliot Manfredini
|
0-0: Ball 1-0: Called Strike 1-1: Swinging Strike 1-2: Ball 2-2: Ball 3-2: Base on Balls
|
Batting: LHB Roger Escareno
|
0-0: Foul Ball, location: 2F 0-1: Ball Elliot Manfredini steals 2nd base 1-1: Called Strike 1-2: Foul Ball, location: 2F 1-2: Foul Ball, location: 2F 1-2: Hit by Pitch
|
Batting: RHB Ricky Carbajal
|
0-0: Swinging Strike 0-1: Called Strike 0-2: Strikes out swinging
|
Bottom of the 2nd over - 0 runs, 0 hits, 0 errors, 2 left on base; Delmarva 2 - Lansing 0 |
TOP OF THE 3RD |
Delmarva Shorebirds batting - Pitching for Lansing Lugnuts : LHP Jon Valdovinos
|
Batting: RHB Josh Hopp
|
0-0: Called Strike 0-1: Ball 1-1: Ground out 5-3 (Groundball, 5, EV 103.1 MPH)
|
Batting: LHB Sam Williams
|
0-0: Called Strike 0-1: Foul Ball, location: 2F 0-2: Ball 1-2: Ball 2-2: Ball 3-2: Foul Ball, location: 2F 3-2: TRIPLE (Flyball, 89XD, EV 86.9 MPH)
|
Batting: SHB Carlos Carrillo
|
0-0: Ball 1-0: Ball 2-0: Fly out, F8 (Flyball, 89M, EV 92.5 MPH)
|
Batting: RHB Matthew Neal
|
0-0: Ball 1-0: Ground out 3-1 (Groundball, 34, EV 85.6 MPH)
|
Top of the 3rd over - 0 runs, 1 hit, 0 errors, 1 left on base; Delmarva 2 - Lansing 0 |
BOTTOM OF THE 3RD |
Lansing Lugnuts batting - Pitching for Delmarva Shorebirds : RHP Rod Najera
|
Batting: LHB Danny Bailey
|
0-0: Ball 1-0: SINGLE (Groundball, 56S, EV 66.2 MPH) (infield hit)
|
Batting: RHB Dylan Phillips
|
0-0: Called Strike 0-1: SINGLE (Flyball, 3D, EV 90.0 MPH) Danny Bailey to second
|
Batting: RHB James Boynton
|
0-0: Called Strike 0-1: Ball 1-1: SINGLE (Flyball, 56D, EV 96.9 MPH) Danny Bailey to third Dylan Phillips to second
|
Batting: LHB Marc Carter
|
0-0: Called Strike 0-1: Fly out, F8 (Flyball, 78M, EV 91.2 MPH) Runner from 3rd tags up, SCORES, throw by CF Dylan Phillips to third
|
Batting: RHB Freddy Quintero
|
0-0: Swinging Strike 0-1: Swinging Strike 0-2: Ball 1-2: Ball 2-2: Strikes out looking
|
Batting: RHB Butch Koglin
|
0-0: SINGLE (Groundball, 34D, EV 103.8 MPH) Dylan Phillips scores James Boynton to second Runner from 2nd tries for 3rd, SAFE, throw by RF made at trailing runner, OUT! 9-6
|
Bottom of the 3rd over - 2 runs, 4 hits, 0 errors, 1 left on base; Delmarva 2 - Lansing 2 |
TOP OF THE 4TH |
Delmarva Shorebirds batting - Pitching for Lansing Lugnuts : LHP Jon Valdovinos
|
Batting: RHB Carlos Teniente
|
0-0: Called Strike 0-1: Ball 1-1: Called Strike 1-2: Ball 2-2: Foul Ball, location: 2F 2-2: Strikes out swinging
|
Batting: LHB Vinny Rivera
|
0-0: Foul Ball, location: 2F 0-1: Ball 1-1: SINGLE (Groundball, 4MD, EV 101.9 MPH)
|
Batting: RHB Ruben Domingues
|
0-0: Ball 1-0: Fly out, F8 (Flyball, 78XD, EV 96.2 MPH)
|
Batting: RHB Juan Eyrich
|
0-0: Called Strike 0-1: Ball 1-1: Called Strike 1-2: Strikes out looking
|
Top of the 4th over - 0 runs, 1 hit, 0 errors, 1 left on base; Delmarva 2 - Lansing 2 |
BOTTOM OF THE 4TH |
Lansing Lugnuts batting - Pitching for Delmarva Shorebirds : RHP Rod Najera
|
Batting: RHB Elliot Manfredini
|
0-0: Swinging Strike 0-1: Ball 1-1: Swinging Strike 1-2: Foul Ball, location: 2F 1-2: Ball 2-2: Fly out, F7 (Flyball, 7D, EV 90.6 MPH)
|
Batting: LHB Roger Escareno
|
0-0: Called Strike 0-1: Ball 1-1: Swinging Strike 1-2: Ball 2-2: Strikes out swinging
|
Batting: RHB Ricky Carbajal
|
0-0: Called Strike 0-1: Bunt missed! 0-2: Ball 1-2: Reached via error on a dropped throw from 3B, E3 (Groundball, 56S, EV 88.8 MPH)
|
Batting: LHB Danny Bailey
|
0-0: Called Strike 0-1: Ball 1-1: Swinging Strike Ricky Carbajal is caught stealing 2nd base 2-6
|
Bottom of the 4th over - 0 runs, 0 hits, 1 error, 0 left on base; Delmarva 2 - Lansing 2 |
TOP OF THE 5TH |
Delmarva Shorebirds batting - Pitching for Lansing Lugnuts : LHP Jon Valdovinos
|
Batting: LHB Antonio Gutierrez
|
0-0: Fly out, F9 (Flyball, 9S, EV 91.2 MPH)
|
Batting: RHB Josh Hopp
|
0-0: Called Strike 0-1: Ball 1-1: Ball 2-1: Ground out 4-3 (Groundball, 4, EV 86.2 MPH)
|
Batting: LHB Sam Williams
|
0-0: Ball 1-0: Ball 2-0: Ball 3-0: Base on Balls
|
Batting: SHB Carlos Carrillo
|
0-0: SINGLE (Groundball, 56D, EV 106.9 MPH) Sam Williams to second
|
Batting: RHB Matthew Neal
|
0-0: Called Strike 0-1: Ball 1-1: Called Strike 1-2: Strikes out swinging
|
Top of the 5th over - 0 runs, 1 hit, 0 errors, 2 left on base; Delmarva 2 - Lansing 2 |
BOTTOM OF THE 5TH |
Lansing Lugnuts batting - Pitching for Delmarva Shorebirds : RHP Rod Najera
|
Batting: LHB Danny Bailey
|
0-0: Ball 1-0: Ball 2-0: Called Strike 2-1: Foul Ball, location: 2F 2-2: Ball 3-2: Base on Balls
|
Batting: RHB Dylan Phillips
|
0-0: Ball Danny Bailey steals 2nd base 1-0: Ball Wild Pitch! Danny Bailey to third 2-0: Foul Ball, location: 2F 2-1: Foul Ball, location: 2F 2-2: Ball 3-2: Fly out, F4 (Popup, 4M, EV 60.0 MPH)
|
Batting: RHB James Boynton
|
0-0: Ground out 4-3 (Groundball, 4, EV 101.9 MPH) Danny Bailey scores
|
Batting: LHB Marc Carter
|
0-0: Ball 1-0: Ball 2-0: DOUBLE (Line Drive, 89M, EV 108.8 MPH)
|
Batting: RHB Freddy Quintero
|
0-0: Called Strike 0-1: Ball 1-1: Ball Balk! Marc Carter to third 2-1: Ball 3-1: SINGLE (Groundball, 6MD, EV 100.0 MPH) Marc Carter scores
|
Batting: RHB Butch Koglin
|
0-0: Fly out, F8 (Line Drive, 8RM, EV 88.8 MPH)
|
Bottom of the 5th over - 2 runs, 2 hits, 0 errors, 1 left on base; Delmarva 2 - Lansing 4 |
TOP OF THE 6TH |
Delmarva Shorebirds batting - Pitching for Lansing Lugnuts : LHP Jon Valdovinos
|
Batting: RHB Carlos Teniente
|
0-0: Called Strike 0-1: Swinging Strike 0-2: Ball 1-2: Ball 2-2: Ball 3-2: Base on Balls
|
Batting: LHB Vinny Rivera
|
0-0: Called Strike 0-1: Foul Ball, location: 2F 0-2: Ball 1-2: Strikes out swinging
|
Batting: RHB Ruben Domingues
|
0-0: Called Strike 0-1: Called Strike Carlos Teniente is caught stealing 2nd base 2-4 0-2: Foul Ball, location: 2F 0-2: Fly out, F8 (Flyball, 8LD, EV 107.5 MPH)
|
Top of the 6th over - 0 runs, 0 hits, 0 errors, 0 left on base; Delmarva 2 - Lansing 4 |
BOTTOM OF THE 6TH |
Lansing Lugnuts batting - Pitching for Delmarva Shorebirds : RHP Rod Najera
|
Batting: RHB Elliot Manfredini
|
0-0: Ball 1-0: Ball 2-0: Ball 3-0: Base on Balls
|
Batting: LHB Roger Escareno
|
0-0: Ball Elliot Manfredini steals 2nd, throwing error, E2 Elliot Manfredini to third 1-0: Called Strike 1-1: Fly out, F8 (Flyball, 8RXD, EV 96.9 MPH) Runner from 3rd tags up, SCORES, no throw by CF
|
Batting: RHB Ricky Carbajal
|
0-0: Ball 1-0: Ground out 4-3 (Groundball, 4, EV 84.4 MPH)
|
Batting: LHB Danny Bailey
|
0-0: Called Strike 0-1: SINGLE (Groundball, 4S, EV 62.5 MPH) (infield hit)
|
Pitching: RHP Brent Widder
|
|
Batting: RHB Dylan Phillips
|
0-0: Fielders Choice at 2nd, 6-4 (Groundball, 6, EV 88.8 MPH)
|
Bottom of the 6th over - 1 run, 1 hit, 1 error, 1 left on base; Delmarva 2 - Lansing 5 |
TOP OF THE 7TH |
Delmarva Shorebirds batting - Pitching for Lansing Lugnuts : LHP Jon Valdovinos
|
Now in LF: Timo Gomez
|
|
Batting: RHB Juan Eyrich
|
0-0: Called Strike 0-1: Ball 1-1: Ball 2-1: SINGLE (Line Drive, 4D, EV 107.5 MPH)
|
Batting: LHB Antonio Gutierrez
|
0-0: DOUBLE (Flyball, 89D, EV 101.2 MPH) Juan Eyrich to third
|
Batting: RHB Josh Hopp
|
0-0: Ground out 6-3 (Groundball, 6, EV 86.2 MPH) Juan Eyrich scores Antonio Gutierrez to third
|
Batting: LHB Sam Williams
|
0-0: Called Strike 0-1: Ball 1-1: Ball 2-1: Swinging Strike 2-2: SINGLE (Groundball, 3D, EV 104.4 MPH) Antonio Gutierrez scores
|
Batting: SHB Carlos Carrillo
|
0-0: Ball 1-0: Ball 2-0: SINGLE (Line Drive, 6MD, EV 101.2 MPH) Sam Williams to second
|
Batting: RHB Matthew Neal
|
0-0: Foul Ball, location: 2F 0-1: Called Strike 0-2: Ball 1-2: Foul Ball, location: 2F 1-2: Strikes out looking
|
Batting: RHB Carlos Teniente
|
0-0: Fielders Choice at 2nd, 6-4 (Groundball, 6, EV 101.2 MPH)
|
Top of the 7th over - 2 runs, 4 hits, 0 errors, 2 left on base; Delmarva 4 - Lansing 5 |
BOTTOM OF THE 7TH |
Lansing Lugnuts batting - Pitching for Delmarva Shorebirds : RHP Brent Widder
|
Batting: RHB James Boynton
|
0-0: Ball 1-0: Ball 2-0: Reached via error on a dropped throw from 1B, E1 (Groundball, 3L, EV 100.6 MPH)
|
Batting: LHB Marc Carter
|
0-0: SINGLE (Groundball, 34, EV 97.5 MPH) James Boynton to second Runner from 2nd tries for 3rd, OUT! 9-5 Marc Carter to second
|
Batting: RHB Freddy Quintero
|
0-0: Ball 1-0: Swinging Strike 1-1: Ball 2-1: Ground out 5-3 (Groundball, 56, EV 81.2 MPH)
|
Batting: RHB Butch Koglin
|
0-0: Foul Ball, location: 2F 0-1: Ball 1-1: Ball 2-1: Foul Ball, location: 2F 2-2: Ground out 5-3 (Groundball, 56S, EV 88.8 MPH)
|
Bottom of the 7th over - 0 runs, 1 hit, 1 error, 1 left on base; Delmarva 4 - Lansing 5 |
TOP OF THE 8TH |
Delmarva Shorebirds batting - Pitching for Lansing Lugnuts : LHP Jon Valdovinos
|
Batting: LHB Vinny Rivera
|
0-0: Ball 1-0: Ball 2-0: Ball 3-0: Called Strike 3-1: Base on Balls
|
Pitching: RHP Andres de Leon
|
|
Batting: RHB Ruben Domingues
|
0-0: Ball 1-0: Foul Ball, location: 2F 1-1: Bunted foul 1-2: DOUBLE (Flyball, 8LXD, EV 89.4 MPH) Vinny Rivera to third
|
Batting: RHB Juan Eyrich
|
0-0: Ball 1-0: Swinging Strike 1-1: Ball 2-1: Ball 3-1: Foul Ball, location: 2F 3-2: Base on Balls
|
Batting: LHB Antonio Gutierrez
|
0-0: Ball Wild Pitch! Vinny Rivera scores Ruben Domingues to third Juan Eyrich to second 1-0: Called Strike 1-1: Ball 2-1: Foul Ball, location: 2F 2-2: Ball 3-2: Strikes out swinging
|
Batting: RHB Josh Hopp
|
0-0: Ball 1-0: SINGLE (Groundball, 56D, EV 103.1 MPH) Ruben Domingues scores Juan Eyrich to third Runner from 3rd tries for Home, SAFE, throw by LF to home
|
Batting: LHB Sam Williams
|
0-0: Called Strike 0-1: Swinging Strike 0-2: Ball 1-2: Ball 2-2: Strikes out swinging
|
Batting: SHB Carlos Carrillo
|
0-0: SINGLE (Line Drive, 7S, EV 106.2 MPH) Josh Hopp to second
|
Batting: RHB Matthew Neal
|
0-0: Called Strike 0-1: Called Strike 0-2: Ball 1-2: Foul Ball, location: 2F 1-2: Strikes out swinging
|
Top of the 8th over - 3 runs, 3 hits, 0 errors, 2 left on base; Delmarva 7 - Lansing 5 |
BOTTOM OF THE 8TH |
Lansing Lugnuts batting - Pitching for Delmarva Shorebirds : RHP Brent Widder
|
Batting: RHB Elliot Manfredini
|
0-0: Ball 1-0: Called Strike 1-1: SINGLE (Flyball, 6D, EV 81.2 MPH)
|
Batting: LHB Roger Escareno
|
0-0: Swinging Strike 0-1: Ball 1-1: Swinging Strike 1-2: Ball 2-2: Foul Ball, location: 2F 2-2: Foul Ball, location: 2F 2-2: Foul Ball, location: 2F 2-2: SINGLE (Groundball, 3D, EV 96.2 MPH) Elliot Manfredini to second Runner from 2nd tries for 3rd, OUT! 9-5 Roger Escareno to second
|
Batting: RHB Ricky Carbajal
|
0-0: Called Strike 0-1: Fly out, F8 (Flyball, 8LD, EV 104.4 MPH)
|
Batting: LHB Timo Gomez
|
0-0: Ball 1-0: Called Strike 1-1: Swinging Strike 1-2: Foul Ball, location: 2F 1-2: Ball 2-2: Strikes out swinging
|
Bottom of the 8th over - 0 runs, 2 hits, 0 errors, 1 left on base; Delmarva 7 - Lansing 5 |
TOP OF THE 9TH |
Delmarva Shorebirds batting - Pitching for Lansing Lugnuts : RHP Andres de Leon
|
Pitching: RHP Scott Lowry
|
|
Batting: RHB Carlos Teniente
|
0-0: Called Strike 0-1: Foul Ball, location: 2F 0-2: Ball 1-2: Strikes out swinging
|
Batting: LHB Vinny Rivera
|
0-0: Ball 1-0: Foul Ball, location: 2F 1-1: Ball 2-1: Swinging Strike 2-2: Foul Ball, location: 2F 2-2: DOUBLE (Groundball, 5L, EV 101.9 MPH)
|
Batting: RHB Ruben Domingues
|
0-0: Ball 1-0: Called Strike 1-1: Ball 2-1: Called Strike 2-2: Strikes out looking
|
Batting: RHB Juan Eyrich
|
0-0: SINGLE (Groundball, 56S, EV 70.0 MPH) (infield hit) Vinny Rivera to third
|
Batting: LHB Antonio Gutierrez
|
0-0: Called Strike 0-1: Called Strike 0-2: Foul Ball, location: 2F 0-2: Strikes out swinging
|
Top of the 9th over - 0 runs, 2 hits, 0 errors, 2 left on base; Delmarva 7 - Lansing 5 |
BOTTOM OF THE 9TH |
Lansing Lugnuts batting - Pitching for Delmarva Shorebirds : RHP Brent Widder
|
Pitching: RHP Harley Hyde
|
|
Batting: RHB Dylan Phillips
|
0-0: Called Strike 0-1: Ball 1-1: Swinging Strike 1-2: Strikes out swinging
|
Batting: RHB James Boynton
|
0-0: Ball 1-0: Foul Ball, location: 2F 1-1: Fly out, F8 (Flyball, 8LM, EV 87.5 MPH)
|
Batting: LHB Marc Carter
|
0-0: Ball 1-0: Ball 2-0: Called Strike 2-1: Fly out, F7 (Flyball, 7, EV 90.0 MPH)
|
Bottom of the 9th over - 0 runs, 0 hits, 0 errors, 0 left on base; Delmarva 7 - Lansing 5 |
|